 Dungeon Crawl Stone Soup version 0.31.0-11-ge490571c62 (webtiles) character file.

Game seed: 7885662314775715554

60655 Pooter the Executioner (level 14, -11/204 HPs)
             Began as a Minotaur Berserker on Jan 29, 2024.
             Was an Elder of Trog.
             Mangled by a wolf spider (12 damage)
             ... on level 5 of the Lair of Beasts.
             The game lasted 01:31:51 (23411 turns).

Pooter the Executioner (Minotaur Berserker)        Turns: 23411, Time: 01:31:52

Health: -11/204    AC: 21    Str: 24    XL:     14   Next: 57%
Magic:  13/13      EV:  4    Int:  4    God:    Trog [****..]
Gold:   1015       SH:  0    Dex: 13    Spells: 13/13 levels left

rFire   . . .        a - +7 executioner's axe
rCold   + . .        (shield currently unavailable)
rNeg    . . .        N - +0 crystal plate armour
rPois   .            (helmet restricted)
rElec   .            (no cloak)
rCorr   .            w - +2 pair of gloves
SInv    .            h - +0 pair of boots
Will    ++...        (no amulet) Stlth
                     I - ring of protection from cold
HPRegen 0.54/turn    F - ring of willpower
MPRegen 0.13/turn

%: no passive effects
@: berserking, attractive, very quick
A: horns 2, retaliatory headbutt
a: Renounce Religion, Berserk, Trog's Hand, Brothers in Arms


You were on level 5 of the Lair of Beasts.
You worshipped Trog.
Trog was greatly pleased with you.
You visited 2 branches of the dungeon, and saw 16 of its levels.
You also visited: Bailey.

You collected 1258 gold pieces.
You spent 243 gold pieces at shops.

Inventory:

Hand Weapons
 a - a +7 executioner's axe (weapon)
   (You took it off an orc warlord in a bailey)
 b - a +0 orcbow
   (You bought it in a shop on level 5 of the Dungeon)
 i - a +2 heavy flail
   (You found it on level 8 of the Dungeon)
 k - a -1 demon whip of venom
   (You took it off Amaemon on level 2 of the Lair of Beasts)
 l - the +5 battleaxe of Dim Light {flame, Dex+2}
   (Trog gifted it to you on level 1 of the Lair of Beasts)

   Dex+2:     It affects your dexterity (+2).
 P - the +8 whip of Kolotima {spect, rC+ Dex+3 Stlth+}
   (You found it on level 10 of the Dungeon)

   Dex+3:     It affects your dexterity (+3).
   rC+:       It protects you from cold.
   Stlth+:    It makes you more stealthy.
 U - the +5 war axe of Vengeance {venom, rC+ rCorr Str-5}
   (You bought it in a shop on level 8 of the Dungeon)

   Str-5:     It affects your strength (-5).
   rC+:       It protects you from cold.
   rCorr:     It protects you from acid and corrosion.
Missiles
 c - 8 javelins
 e - 44 poisoned darts (quivered)
 p - 6 darts of dispersal {!f}
 y - 28 boomerangs
 A - 2 throwing nets {!f}
 K - 5 curare-tipped darts
 Q - 163 stones
Armour
 h - a +0 pair of boots (worn)
   (You found it on level 1 of the Dungeon)
 w - a +2 pair of gloves (worn)
   (You found it on level 9 of the Dungeon)
 N - a +0 crystal plate armour (worn)
   (You took it off an orc warlord in a bailey)
Jewellery
 C - a ring of resist corrosion
   (You took it off a centaur on level 11 of the Dungeon)
 D - a +6 ring of intelligence
   (You found it on level 6 of the Dungeon)
 F - a ring of willpower (right hand)
   (You found it on level 7 of the Dungeon)
 H - a ring of willpower
   (You found it on level 7 of the Dungeon)
 I - a ring of protection from cold (left hand)
   (You found it on level 2 of the Dungeon)
 T - an amulet of reflection
   (You found it on level 1 of the Lair of Beasts)
Wands
 d - a wand of iceblast (15)
   (You found it on level 8 of the Dungeon)
 f - a wand of flame (34)
   (You found it on level 5 of the Dungeon)
 r - a wand of mindburst (12)
   (You found it on level 3 of the Lair of Beasts)
 u - a wand of paralysis (4)
   (You found it on level 5 of the Lair of Beasts)
 G - a wand of polymorph (3)
   (You took it off Psyche on level 9 of the Dungeon)
Scrolls
 j - 3 scrolls of vulnerability {!r}
 o - 2 scrolls of fog
 q - 5 scrolls of revelation
 t - 5 scrolls of teleportation {@r4}
 L - a scroll of summoning
 M - a scroll of fear
Potions
 m - 3 potions of ambrosia
 n - 5 potions of haste {@q3}
 s - 3 potions of enlightenment
 x - 2 potions of mutation {!q}
 z - a potion of might {unknown}
 E - 2 potions of heal wounds {@q2}
 J - a potion of curing {@q1}
 O - a potion of resistance {unknown}
 R - a potion of attraction {!q}
 S - 3 potions of lignification {!q}


   Skills:
 + Level 15.9 Fighting
 + Level 22.4 Axes
 * Level 11.2 Ranged Weapons
 + Level 4.3 Armour
 - Level 2.1 Dodging
 + Level 2.5 Evocations


You had 13 spell levels left.
You didn't know any spells.
Your spell library was empty.

Dungeon Overview and Level Annotations

Branches:
Dungeon (11/15) Zot: 24949  Temple (0/1) D:7            Lair (5/5) D:8 Zot: 21278
 Shoals (0/4) Lair:3       Spider (0/4) Lair:2        Slime (0/5) Lair:4
 Bailey (visited)
    Orc: D:9-12

Altars:
Fedhas
Kikubaaqudgha
Makhleb
Ru
Sif Muna
Wu Jian
Xom
Yredelemnul
Zin

Shops:
D:5 :(   D:8 (


Innate Abilities, Weirdness & Mutations

You have a pair of horns on your head.
You reflexively headbutt those who attack you in melee.


Message History

You are lethally poisoned!
The wolf spider poisons you! The wolf spider hits you!
* * * LOW HITPOINT WARNING * * *
The wolf spider bites you but does no damage.
You feel much better.
* * * LOW HITPOINT WARNING * * *
You feel extremely sick. The black mamba bites you.
* * * LOW HITPOINT WARNING * * *
The wolf spider hits you but does no damage.
The wolf spider bites you but does no damage.
Blink to where?
Press: ? - help, Dir - move target
As you read the scroll of blinking, it crumbles to dust.
* * * LOW HITPOINT WARNING * * *
You feel extremely sick.
It was a potion of attraction.
You feel attractive to monsters.
* * * LOW HITPOINT WARNING * * *
You feel extremely sick.
The wolf spider is attracted toward you.
The black mamba is attracted toward you.
Unknown command.
It was a potion of curing.
You feel better.
The black mamba bites you but does no damage.
The black mamba barely misses you.
Blink to where?
Press: ? - help, Dir - move target
As you read the scroll of blinking, it crumbles to dust.
The black mamba is attracted toward you.
The black mamba is attracted toward you.
The wolf spider is attracted toward you.
The black mamba bites you!
* * * LOW HITPOINT WARNING * * *
The wolf spider is attracted toward you.
Blink to where?
Press: ? - help, Dir - move target
As you read the scroll of blinking, it crumbles to dust.
The black mamba is attracted toward you.
The wolf spider is attracted toward you.
The black mamba is attracted toward you.
The wolf spider is attracted toward you.
There is a stone staircase leading up, spattered with blood here.
A red film seems to cover your vision as you go berserk!
You feel yourself moving faster!
You feel mighty! The black mamba bites you.
* * * LOW HITPOINT WARNING * * *
The black mamba bites you!
* * * LOW HITPOINT WARNING * * *
The wolf spider hits you!
You die...

............+.+.....##..#
.............#.......##.#
...:........P##.....##P.##
§............##.P.####..P#
P...........P.#########..#
P............PPP#....P#.##
/##...........P..........#
###P§...................P#
#..P..s..§..§.§S@..[.....##
...P....§......s........#.#
.........................##
....÷....................##
..###..........###..#.#...#
###............# ##.###.###
#...P.........#####...#.##
...P...........##.....#..#
..............##P........#


You could see a wolf spider and a black mamba.

Vanquished Creatures
  An orc warlord (Bailey)
  Erolcha (D:9)
  Fannar (D:10)
  4 hydras
  6 two-headed ogres
  3 boulder beetles (D:11)
  Amaemon (Lair:2)
  A skyshark (Lair:3)
  An orb spider (Lair:2)
  Pikel (D:5)
  The ghost of turdburglar the Changeling, a novice DrSh (D:7)
  A wolf spider (Lair:5)
  A manticore (D:11)
  3 cyclopes (D:11)
  5 black mambas
  A guardian serpent (Lair:5)
  A merfolk siren (Lair:3)
  10 elephants
  An orange demon (Lair:2)
  A torpor snail (Lair:3)
  An unseen horror (D:11)
  10 cane toads
  8 komodo dragons
  A kobold demonologist (D:11)
  Psyche (D:9)
  2 trolls (D:11)
  Grinder (D:5)
  5 dream sheep (Lair:3)
  3 polar bears
  12 blink frogs
  The ghost of Strat the Insei, an amateur DgSh (D:5)
  Prince Ribbit (D:7)
  2 hornets
  2 wraiths (D:11)
  Eustachio (D:6)
  60 yaks
  A vampire (D:10)
  4 basilisks
  11 wyverns
  A steam dragon (D:9)
  A redback (Lair:5)
  Menkaure (D:4)
  17 water moccasins
  5 orc warriors
  A sky beast (D:10)
  A black bear (D:7)
  3 ice beasts
  4 ogres
  2 centaurs (D:11)
  24 wolves
  A phantom (D:5)
  A lemure (D:5)
  Blork the orc (D:6)
  3 kobold brigands
  14 bullfrogs
  A wyvern zombie (D:5)
  3 scorpions
  6 wights (D:9)
  A killer bee (D:8)
  2 howler monkeys
  3 bombardier beetles
  A bullfrog zombie (D:5)
  3 jellies
  10 orc priests
  3 hounds
  Ijyb (D:5)
  3 iguanas (D:5)
  2 sleepcaps
  17 orc wizards
  9 hell rats (Lair:1)
  A howler monkey zombie (D:5)
  6 gnolls
  6 adders
  14 river rats (Lair:1)
  A shadow imp (D:7)
  2 ufetubi (D:7)
  5 dart slugs
  4 ribbon worms
  61 orcs
  5 bats
  11 endoplasms
  3 giant cockroaches
  13 goblins
  9 hobgoblins
  4 jackals (D:1)
  17 kobolds
  16 quokkas
  3 training dummies (D:5)
  9 ball pythons
  3 frilled lizards
  12 rats
522 creatures vanquished.

Vanquished Creatures (collateral kills)
  An orc warrior (D:8)
  3 killer bees (D:8)
  A howler monkey (D:8)
  An orc wizard (D:8)
6 creatures vanquished.

Vanquished Creatures (others)
  An orc (D:6)
  A goblin (D:6)
  A spectral weapon (D:11)
3 creatures vanquished.

Grand Total: 531 creatures vanquished

Notes
Turn   | Place    | Note
-------+----------+-------------------------------------------
     0 | D:1      | Pooter the Minotaur Berserker began the quest for the Orb.
     0 | D:1      | Reached XP level 1. HP: 19/19 MP: 0/0
    97 | D:1      | Reached skill level 4 in Axes
   100 | D:1      | Reached XP level 2. HP: 21/27 MP: 1/1
   342 | D:1      | Reached ** piety under Trog
   343 | D:1      | Reached XP level 3. HP: 30/33 MP: 2/2
  1077 | D:2      | Reached skill level 5 in Axes
  1832 | D:3      | Reached XP level 4. HP: 31/41 MP: 3/3
  2273 | D:3      | Reached skill level 6 in Axes
  2527 | D:3      | Reached XP level 5. HP: 47/47 MP: 4/4
  2616 | D:3      | Reached skill level 5 in Fighting
  2763 | D:4      | Reached *** piety under Trog
  2767 | D:4      | Noticed Menkaure
  2776 | D:4      | Killed Menkaure
  2782 | D:4      | Reached XP level 6. HP: 56/56 MP: 5/5
  2788 | D:4      | Reached skill level 7 in Axes
  3369 | D:4      | You fall into a shaft and drop 3 floors!
  3390 | D:7      | Reached skill level 8 in Axes
  3455 | D:7      | Reached XP level 7. HP: 57/64 MP: 6/6
  3686 | D:6      | Reached skill level 9 in Axes
  4394 | D:6      | Found a shimmering altar of Xom.
  4497 | D:5      | Entered Level 5 of the Dungeon
  4528 | D:5      | Found a transporter.
  4528 | D:5      | Noticed Strat's ghost (amateur DgSh)
  4879 | D:5      | Noticed Grinder
  4881 | D:5      | Paralysed by Grinder for 3 turns
  4890 | D:5      | Paralysed by Grinder for 2 turns
  4895 | D:5      | Killed Grinder
  4896 | D:5      | Reached skill level 10 in Axes
  4896 | D:5      | Reached XP level 8. HP: 67/73 MP: 7/7
  4945 | D:5      | Noticed Pikel
  4955 | D:5      | Killed Pikel
  4956 | D:5      | Reached skill level 11 in Axes
  5006 | D:5      | Found Huzoq's Book Shoppe.
  5110 | D:5      | Identified the +1 robe of Ennui {rCorr Int+6}
  5127 | D:5      | Noticed Ijyb
  5135 | D:5      | Killed Ijyb
  5210 | D:5      | Found an ancient bone altar of Kikubaaqudgha.
  5422 | D:5      | Reached skill level 12 in Axes
  5422 | D:5      | Reached XP level 9. HP: 57/83 MP: 8/8
  5600 | D:5      | Found Curasuts's Firing Range.
  5607 | D:5      | Bought 2 boomerangs for 44 gold pieces
  5607 | D:5      | Bought a +0 orcbow for 38 gold pieces
  5689 | D:5      | Killed Strat's ghost
  5691 | D:5      | Found a transporter.
  5962 | D:6      | Noticed Eustachio
  5969 | D:6      | Killed Eustachio
  5988 | D:6      | Reached **** piety under Trog
  6298 | D:6      | Reached skill level 13 in Axes
  6373 | D:6      | Noticed Blork the orc
  6381 | D:6      | Killed Blork the orc
  6829 | D:7      | Noticed Prince Ribbit
  6834 | D:7      | Killed Prince Ribbit
  6835 | D:7      | Reached skill level 10 in Fighting
  7221 | D:7      | Noticed a two-headed ogre
  7226 | D:7      | Killed a two-headed ogre
  7227 | D:7      | Reached skill level 14 in Axes
  7227 | D:7      | Reached XP level 10. HP: 94/94 MP: 9/9
  7240 | D:7      | Found a staircase to the Ecumenical Temple.
  7453 | D:7      | Found a runed translucent door.
  7458 | D:7      | Noticed turdburglar's ghost (novice DrSh)
  7494 | D:7      | Identified the +0 helmet "Ahops" {Int+2}
  7651 | D:7      | Killed turdburglar's ghost
  7788 | D:7      | Reached skill level 15 in Axes
  7896 | D:8      | Found a staircase to the Lair.
  8108 | D:8      | Found Tetuh's Antique Weapon Emporium.
  8117 | D:8      | Bought a warped war axe for 161 gold pieces
  8117 | D:8      | Identified the +5 war axe of Vengeance {venom, rC+ rCorr
                  | Str-5} (You bought it in a shop on level 8 of the Dungeon)
  8343 | D:8      | Found a sacrificial altar of Ru.
  8345 | D:8      | Found a glowing silver altar of Zin.
  8345 | D:8      | Found a basalt altar of Yredelemnul.
  8704 | D:9      | Reached skill level 16 in Axes
  8925 | D:9      | Noticed a two-headed ogre
  8933 | D:9      | Killed a two-headed ogre
  9069 | D:9      | Noticed Erolcha
  9085 | D:9      | Killed Erolcha
  9086 | D:9      | Reached XP level 11. HP: 40/105 MP: 10/10
  9266 | D:9      | Found an ornate altar of the Wu Jian Council.
  9311 | D:9      | Noticed Psyche
  9319 | D:9      | Killed Psyche
  9768 | D:10     | Entered Level 10 of the Dungeon
  9787 | D:10     | Noticed Sonja
  9788 | D:10     | Sonja changed into Sonja the ice beast
  9788 | D:10     | Noticed Sonja
  9796 | D:10     | Killed Sonja the ice beast
  9798 | D:10     | Found a flagged portal.
  9816 | Bailey   | Entered a bailey
  9839 | Bailey   | Noticed an orc warlord
 10497 | Bailey   | Found a runed translucent gate.
 10499 | Bailey   | Found a runed translucent gate.
 10501 | Bailey   | Found a runed translucent gate.
 10592 | Bailey   | Killed an orc warlord
 10593 | Bailey   | Reached skill level 17 in Axes
 10700 | Bailey   | Reached skill level 18 in Axes
 10700 | Bailey   | Reached skill level 5 in Ranged Weapons
 10700 | Bailey   | Reached XP level 12. HP: 113/113 MP: 11/11
 10708 | Bailey   | Identified the staff "Beetlebane" {rN+ Conj Fire}
 10834 | D:10     | Noticed a two-headed ogre
 10845 | D:10     | Killed a two-headed ogre
 11219 | D:10     | Noticed a two-headed ogre
 11227 | D:10     | Killed a two-headed ogre
 11228 | D:10     | Reached skill level 19 in Axes
 11663 | D:10     | Noticed Fannar
 11679 | D:10     | Killed Fannar
 12025 | D:10     | Identified the +8 whip of Kolotima {spect, rC+ Dex+3
                  | Stlth+}
 12135 | D:10     | Noticed a two-headed ogre
 12140 | D:10     | Killed a two-headed ogre
 12268 | D:10     | Found a burning altar of Makhleb.
 12272 | D:10     | Found a shimmering blue altar of Sif Muna.
 12277 | D:10     | Found a blossoming altar of Fedhas.
 12609 | D:11     | Noticed a two-headed ogre
 12618 | D:11     | Killed a two-headed ogre
 13227 | D:11     | Noticed a boulder beetle
 13795 | D:11     | Killed a boulder beetle
 14059 | D:11     | Reached skill level 20 in Axes
 14176 | D:11     | Noticed a boulder beetle
 14189 | D:11     | Killed a boulder beetle
 14190 | D:11     | Reached XP level 13. HP: 97/123 MP: 12/12
 14682 | Lair:1   | Entered Level 1 of the Lair of Beasts
 15877 | Lair:1   | Reached ***** piety under Trog
 15881 | Lair:1   | Identified the +5 battleaxe of Dim Light {flame, Dex+2}
                  | (Trog gifted it to you on level 1 of the Lair of Beasts)
 15881 | Lair:1   | Received a gift from Trog
 16214 | Lair:2   | Noticed Amaemon
 16575 | Lair:2   | Killed Amaemon
 16901 | Lair:2   | Reached skill level 21 in Axes
 17568 | Lair:2   | Found a hole to the Spider Nest.
 18588 | Lair:3   | Reached skill level 15 in Fighting
 19316 | Lair:3   | Reached XP level 14. HP: 96/135 MP: 13/13
 19623 | Lair:3   | Found a staircase to the Shoals.
 20074 | Lair:4   | Reached skill level 22 in Axes
 20234 | Lair:4   | Reached skill level 10 in Ranged Weapons
 20412 | Lair:4   | Found a staircase to the Slime Pits.
 20733 | Lair:5   | Entered Level 5 of the Lair of Beasts
 21709 | Lair:5   | Reached skill level 1 in Evocations
 23171 | Lair:5   | Paralysed by a hornet for 3 turns
 23411 | Lair:5   | HP: 10/204 [black mamba (4)]
 23411 | Lair:5   | HP: 1/204 [black mamba (9)]
 23411 | Lair:5   | Mangled by a wolf spider

Illustrated notes

Levels and vault maps discovered:
D:1:      wander_arrival_desolate, layout_loops_ring, minmay_shallow_snake_nest
D:2:      layout_loops_corners, patterned_corridor
D:3:      layout_basic, st_stairs_11
D:4:      layout_basic, serial_glass, glass_columns_c, glass_columns_b,
          glass_columns_a, glass_columns_a, glass_columns_a, glass_columns_c,
          due_unseen_surprise, feat_on_display, item_on_display_a,
          feat_on_display, grunt_ministairs_10, hangedman_decor_slide_cut,
          chequers_serial_rivers_small_3, uniq_menkaure
D:5:      layout_basic, mainiacjoe_overflow_boulevard, serial_shops, shop,
          gammafunk_ghost_mausoleum, nicolae_shop_firing_range, uniq_grinder,
          uniq_ijyb, uniq_pikel
D:6:      layout_basic, dk_xom_monty_hall, roderic_lattice_a, uniq_eustachio,
          uniq_blork_the_orc
D:7:      layout_gridville, temple_doors_e, ebering_ghost_reflecting_pool,
          minivault_22, uniq_prince_ribbit1
D:8:      layout_rooms, grunt_temple_overflow_open, erik_lair_orcish_takeover,
          serial_shops, shop
D:9:      layout_stronghold, mainiacjoe_overflow_paths, nicolae_titane,
          uniq_psyche, uniq_erolcha
D:10:     layout_basic, minmay_overflow_temple_star_quad, enter_bailey_5,
          uniq_fannar, uniq_sonja
D:11:     hangedman_cross_stitches, layout_irregular_city
Lair:1:   lemuel_ratsnest, layout_gridlike, beast_lair_carwin_5,
          grunt_megastairs_3
Lair:2:   layout_hall_layers, nicolae_spider_entry_orb_guardian,
          serial_bayou_shore_b, uniq_amaemon
Lair:3:   layout_loops_ring, minmay_shoals_entry_lonely_mermaid,
          beast_lair_carwin_4
Lair:4:   layout_hall_layers, dpeg_slime_entry_corner
Lair:5:   hangedman_lair_tendril_chambers, layout_regular_city

Skill      XL: |  1  2  3  4  5  6  7  8  9 10 11 12 13 14 |
---------------+-------------------------------------------+-----
Axes           | 4 5 6 8 10 12 14 16 18 20 21 22 | 22.4
Fighting       | 4 5 6 7 9 10 12 13 15 | 15.9
Ranged Weapons | 5 7 9 11 | 11.2
Armour         | 4 |  4.3
Evocations     | 2 |  2.5
Dodging        | |  2.1

Action                     |  1- 3 |  4- 6 |  7- 9 | 10-12 | 13-15 || total
---------------------------+-------+-------+-------+-------+-------++-------
  Melee: Hand axe          |    71 |    83 |   114 |       |       ||   268
         Headbutt          |     9 |     9 |    21 |    73 |   109 ||   221
         War axe           |       |       |    24 |   183 |       ||   207
         Punch             |       |       |     1 |     1 |       ||     2
         Whip              |       |       |       |    87 |    56 ||   143
         Executioner's axe |       |       |       |    55 |   444 ||   499
         Battleaxe         |       |       |       |       |    18 ||    18
   Fire: Sling             |    77 |    43 |     9 |       |       ||   129
         Orcbow            |       |       |    38 |    66 |    98 ||   202
  Throw: Dart              |       |       |     6 |    12 |    10 ||    28
         Boomerang         |       |       |       |     4 |       ||     4
 Invoke: Berserk           |       |     1 |     8 |     6 |     3 ||    18
         Trog's Hand       |       |     2 |     4 |    16 |    15 ||    37
  Evoke: Wand              |       |       |     4 |     5 |     5 ||    14
    Use: Scroll            |     1 |     2 |     6 |    11 |    11 ||    31
         Potion            |       |       |       |     1 |     3 ||     4
   Stab: Sleeping          |     1 |       |       |       |       ||     1
         Invisible         |       |       |     2 |     3 |       ||     5
         Distracted        |       |       |       |     3 |     1 ||     4
 Armour: Animal skin       |    21 |       |       |       |       ||    21
         Chain mail        |    31 |    73 |    95 |    37 |       ||   236
         Plate armour      |       |       |       |   105 |       ||   105
         Crystal plate arm |       |       |       |   113 |   642 ||   755
  Dodge: Dodged            |    58 |    43 |    64 |    73 |    87 ||   325
